Description

asdf

Replay - 2020-11-18 - (T)Drift VS (Z)A.I. 1 (Very Easy)

Build Order

Get SALT Encoding   

  12  0:00  SCV  
  13  0:12  SCV  
  14  0:18  Supply Depot  
  14  0:24  SCV  
  15  0:39  SCV  
  15  0:42  Barracks  
  16  0:46  Refinery  
  16  0:51  SCV  
  17  1:03  SCV  
  18  1:15  SCV  
  19  1:29  Reaper, Orbital Command  
  20  1:40  Command Center  
  20  1:50  Supply Depot  
  20  1:55  SCV  
  20  2:01  Marine  
  21  2:07  SCV  
  23  2:10  Factory  
  23  2:19  SCV  
  24  2:23  Barracks Reactor  
  25  2:40  Command Center  
  26  2:53  Orbital Command  
  26  3:01  Starport  
  27  3:11  Refinery  
  27  3:14  Hellion x2  
  35  3:39  Hellion x2, Refinery  
  41  3:49  Fusion Core  
  41  3:55  Orbital Command  
  42  3:58  Starport Tech Lab  
  45  4:10  Hellion x2  
  45  4:11  Refinery  
  49  4:17  Supply Depot  
  57  4:40  Battlecruiser  
  57  4:43  Supply Depot  
  63  4:55  Hellion x2  
  67  5:00  Supply Depot  
  70  5:08  Factory x2  
  75  5:29  Orbital Command  
  75  5:30  Armory x2  
  75  5:42  Hellion x2  
  80  5:46  Refinery x2  
  82  5:53  Battlecruiser  
  88  5:58  Factory Tech Lab x2  
  91  6:07  Weapon Refit  
  91  6:18  Siege Tank x2  
  102  6:30  Factory x2  
  109  6:44  Engineering Bay  
  109  6:46  Terran Vehicle Weapons Level 1  
  109  6:49  Terran Vehicle And Ship Armor Level 1  
  111  6:54  Siege Tank  
  117  7:14  Factory Tech Lab x2  
  119  7:20  Missile Turret x3  
  119  7:21  Siege Tank  
  129  7:34  Command Center  
  129  7:37  Battlecruiser  
  136  7:49  Cyclone  
  145  7:56  Siege Tank x2  
  148  8:00  Cyclone  
  148  8:04  Missile Turret x2  
  148  8:10  Widow Mine x2  
  152  8:19  Sensor Tower  
  152  8:22  Factory x3  
  152  8:24  Siege Tank  
  155  8:29  Cyclone  
  160  8:35  Mag-Field Accelerator  
  160  8:41  Infernal Pre-Igniter  
  160  8:56  Cyclone x2  
  166  9:04  Siege Tank  
  173  9:16  Command Center  
  173  9:19  Factory Tech Lab x2  
  173  9:20  Factory Reactor  
  173  9:22  Terran Vehicle Weapons Level 2  
  173  9:27  Refinery x2  
  173  9:29  Terran Vehicle And Ship Armor Level 2  
  179  9:36  Cyclone  
  182  9:47  Thor  
  182  9:52  Command Center x2, Missile Turret x2  
  188  9:57  Planetary Fortress  
Spawning Tool Build Advisor. Get it on Overwolf

Go to:

Details

  • Created by: JimPanzee
  • Published on: Jun 25, 2025
  • Modified on: Jun 25, 2025
  • Patch: 5.0.11
  • Difficulty: Medium
Show
View Real Time Build Order
Export as new Build Order

Comments (0)

There are no comments. Be the first!

Create an account to comment!